 Dungeon Crawl Stone Soup version 0.30-a0-4-ga7cffc901d (webtiles) character file.

Game seed: 9816413076001226092

88 purpskrrrp the Ruffian (level 4, -6/36 HPs)
             Began as a Demigod Transmuter on Aug 21, 2022.
             Mangled by a centaur
             ... wielding a +0 flail
              (14 damage)
             ... on level 3 of the Dungeon.
             The game lasted 00:05:12 (3451 turns).

purpskrrrp the Ruffian (Demigod Transmuter)         Turns: 3451, Time: 00:05:14

Health: -6/36      AC:  2    Str: 15    XL:     4   Next: 9%
Magic:  10/10      EV: 12    Int: 15    God:
Gold:   173        SH:  0    Dex: 14    Spells: 6/7 levels left

rFire   x . .      SeeInvis .    i - staff of poison
rCold   + . .      Faith    .    (no shield)
rNeg    + . .      Spirit   .    a - +0 robe
rPois   +          Reflect  .    (helmet currently unavailable)
rElec   .          Harm     .    (no cloak)
rCorr   .          Rampage  .    (no gloves)
Will    .....                    (boots currently unavailable)
Stlth   +.........               (no amulet)
HPRegen 0.12/turn                c - ring of ice
MPRegen 0.12/turn                o - ring of positive energy

@: appendages (expiring)
A: horns 2, talons 2, high MP 1, forlorn, divine attributes
a: End Transformation


You were on level 3 of the Dungeon.
You had temporarily grown beastly horns and talons.
You visited 1 branch of the dungeon, and saw 3 of its levels.

You collected 173 gold pieces.

Inventory:

Armour
 a - a +0 robe (worn)
 e - a +0 pair of boots (melded)
Magical Staves
 i - a staff of poison (weapon)
Jewellery
 c - a ring of ice (left hand)
 o - a ring of positive energy (right hand)
Wands
 n - a wand of paralysis (9)
Scrolls
 d - 4 scrolls of identify {unknown}
 f - a scroll of poison {unknown}
 h - a scroll of teleportation {unknown}
 j - a scroll of immolation {unknown}
 l - a scroll of butterflies {unknown}
 m - a scroll of noise {unknown}
 p - a scroll of brand weapon {unknown}
Potions
 b - a potion of lignification
 g - a potion of ambrosia {unknown}
 k - a potion of magic {unknown}
 q - a potion of attraction {unknown}


   Skills:
 + Level 1.7 Fighting
 + Level 2.4 Dodging
 + Level 3.1 Unarmed Combat
 + Level 2.3 Spellcasting
 + Level 2.4 Transmutations


You had 6 spell levels left.
You knew the following spells:

 Your Spells              Type           Power      Damage    Failure   Level
a - Beastly Appendage     Tmut           16%        N/A       9%          1

Your spell library contained the following spells:

 Spells                   Type           Power      Damage    Failure   Level
 Wereblood                Tmut           8%         N/A       12%         2
 Slow                     Hex            4%         N/A       22%         1
 Spider Form              Tmut/Pois      8%         N/A       36%         3
 Confusing Touch          Hex            1%         N/A       54%         3
 Ozocubu's Armour         Ice            2%         N/A       54%         3
 Summon Guardian Golem    Hex/Summ       1%         N/A       54%         3
 Vampiric Draining        Necr           1%         2d6       54%         3
 Ice Form                 Ice/Tmut       8%         N/A       78%         4
 Orb of Destruction       Conj           0%         9d5       100%        7
 Ozocubu's Refrigeration  Ice            1%         4d7       100%        7
 Spellforged Servitor     Conj/Summ      0%         N/A       100%        7


Dungeon Overview and Level Annotations

Branches:
Dungeon (3/15)

Annotations:
D:1 2 transporters


Innate Abilities, Weirdness & Mutations

You have temporarily grown beastly horns and talons.
You have an increased reservoir of magic. (+10% MP)
You shall have no god before yourself.
Your divine heritage dramatically boosts your attributes as you level up.


Message History

You hit the centaur. You claw the centaur, but do no damage.
Your punch misses the centaur.
The centaur is lightly wounded.
The centaur hits you with a +0 flail. The centaur kicks you.
You are too injured to fight recklessly!
You are too injured to fight recklessly!
You are too injured to fight recklessly!
You are too injured to fight recklessly!
You are too injured to fight recklessly!
You are too injured to fight recklessly!
You are too injured to fight recklessly!
You are too injured to fight recklessly!
You are too injured to fight recklessly!
You are too injured to fight recklessly!
You are too injured to fight recklessly!
You are too injured to fight recklessly!
You are too injured to fight recklessly!
You are too injured to fight recklessly!
You are too injured to fight recklessly!
You are too injured to fight recklessly!
You are too injured to fight recklessly!
You are too injured to fight recklessly!
You are too injured to fight recklessly!
You are too injured to fight recklessly!
You are too injured to fight recklessly!
You are too injured to fight recklessly!
You are too injured to fight recklessly!
You are too injured to fight recklessly!
You are too injured to fight recklessly!
You are too injured to fight recklessly!
You are too injured to fight recklessly!
You are too injured to fight recklessly!
You barely miss the centaur. You claw the centaur!
The centaur is heavily wounded.
The centaur hits you with a +0 flail!
* * * LOW HITPOINT WARNING * * *
The centaur kicks you.
* * * LOW HITPOINT WARNING * * *
The centaur hits you with a +0 flail!
You die...

#....#########
########.#..........#
#....#...#.#####..#.#
#.##.#.#..........#.#
..........##.#.#.##.#
#....#.#.......#.####
...#.#.#......##.#
#....#.#.........#
.......###.#....@#
#.##............c#
......####'##....#
.......... .......
#....###..........
#....'.+ ...#....#.
#....### ....<.#...
#.#### ##.####^...
#.########


You could see a centaur.

Vanquished Creatures
  An adder (D:3)
  3 worms
  6 orcs (D:3)
  6 endoplasms
  4 giant cockroaches
  5 goblins
  3 hobgoblins
  3 jackals (D:1)
  3 quokkas
  5 ball pythons
  5 bats
  5 frilled lizards
  6 kobolds
  6 rats
61 creatures vanquished.

Notes
Turn   | Place    | Note
-------+----------+-------------------------------------------
     0 | D:1      | purpskrrrp the Demigod Transmuter began the quest for the
                  | Orb.
     0 | D:1      | Reached XP level 1. HP: 15/15 MP: 5/5
   102 | D:1      | Reached skill level 1 in Fighting
   365 | D:1      | Reached XP level 2. HP: 20/23 MP: 5/7
  1425 | D:2      | Reached XP level 3. HP: 25/28 MP: 6/8
  1607 | D:2      | Reached skill level 3 in Unarmed Combat
  2698 | D:3      | HP: 1/29 [orc/+0 hand axe (5)]
  3135 | D:3      | Reached XP level 4. HP: 36/36 MP: 8/10
  3444 | D:3      | Noticed a centaur
  3451 | D:3      | Mangled by a centaur

Illustrated notes

Levels and vault maps discovered:
D:1:      spicycebolla_arrival_transporter_tutorial, layout_basic,
          hellmonk_ecumenical_altar_run_dry
D:2:      layout_basic, nicolae_hexahallways
D:3:      minmay_bubble_buster, layout_basic,
          mainiacjoe_overflow_six_doors_small

Skill      XL: |  1  2  3 |
---------------+----------+-----
Fighting       | 1 |  1.7
Dodging        | 2 |  2.4
Transmutations | 2 |  2.4
Spellcasting   | 2 |  2.3
Unarmed Combat | 3 |  3.1

Action                   |  1- 3 |  4- 6 || total
-------------------------+-------+-------++-------
Melee: Unarmed           |    64 |       ||    64
       Kick              |    33 |     6 ||    39
       Headbutt          |    29 |     3 ||    32
       Staff             |    75 |    16 ||    91
       Punch             |     1 |     1 ||     2
 Cast: Beastly Appendage |    39 |     2 ||    41
  Use: Potion            |     1 |       ||     1
 Stab: Sleeping          |     2 |       ||     2
Armor: Robe              |    31 |     1 ||    32
Dodge: Dodged            |    93 |    11 ||   104

Table legend: (Time is in decaauts)
 A = Elapsed time spent in this place.
 B = Non-inter-level travel time spent in this place.
 C = Inter-level travel time spent in this place.
 D = Time resting spent in this place.
 E = Time spent auto-exploring this place.
 F = Levels seen in this place.
 G = Mean time per level.
                   A        B        C        D        E       F      G
               +--------+--------+--------+--------+--------+-----+--------+
         Total |   3465 |   3437 |     28 |    376 |   2637 |   3 | 1155.0 |
       Dungeon |   3465 |   3437 |     28 |    376 |   2637 |   3 | 1155.0 |
               +--------+--------+--------+--------+--------+-----+--------+

Top non-repeatable levels by time:
     D:1: 1316 daAuts
     D:2: 1200 daAuts
     D:3: 948 daAuts
